 Dungeon Crawl Stone Soup version 0.29-a0-559-g359e09b9d1 (webtiles) character file.

Game seed: 2390490656052166373

107 HoaS the Quickloader (level 5, 0/30 HPs)
             Began as a Kobold Hunter on June 9, 2022.
             Succumbed to a scorpion's poison
             ... on level 3 of the Dungeon.
             The game lasted 00:02:50 (1494 turns).

HoaS the Quickloader (Kobold Hunter)                Turns: 1494, Time: 00:02:51

Health: 0/30       AC:  4    Str:  8    XL:     5   Next: 10%
Magic:  5/5        EV: 14    Int: 11    God:
Gold:   97         SH:  0    Dex: 20    Spells: 4/4 levels left

rFire   . . .      SeeInvis .   a - +1 hand crossbow
rCold   . . .      Faith    .   (no shield)
rNeg    . . .      Spirit   .   b - +0 leather armour
rPois   .          Reflect  .   f - +1 hat
rElec   .          Harm     .   (no cloak)
rCorr   .          Rampage  .   (no gloves)
Will    .....                   (no boots)
Stlth   +++.......              (no amulet)
HPRegen 0.10/turn               (no ring)
MPRegen 0.09/turn               (no ring)

@: lethally poisoned (0 -> -3)
A: small, no large weapons, nightstalker 3
a: no special abilities


You were on level 3 of the Dungeon.
You visited 1 branch of the dungeon, and saw 3 of its levels.

You collected 97 gold pieces.

Inventory:

Hand Weapons
 a - a +1 hand crossbow (weapon)
Armour
 b - a +0 leather armour (worn)
 f - a +1 hat (worn)
Scrolls
 c - a scroll of immolation
 g - a scroll of magic mapping
Potions
 e - a potion of lignification {unknown}
 h - a potion of mutation {unknown}


   Skills:
 - Level 2.1 Fighting
 + Level 8.0 Crossbows
 - Level 2.4 Dodging
 - Level 1.3 Stealth


You had 4 spell levels left.
You didn't know any spells.
Your spell library was empty.

Dungeon Overview and Level Annotations

Branches:
Dungeon (3/15)

Altars:


Innate Abilities, Weirdness & Mutations

You are small and have problems with some larger weapons.
You are completely attuned to the shadows.


Message History

Press: ? - help, Q - select action Shift-Dir - straight line, f/p - scorpion
Aim: a scorpion (moderately wounded, 69% to hit)
You shoot a bolt. The bolt hits the scorpion.
The scorpion is moderately wounded.
The scorpion stings you.
You are poisoned.
The scorpion poisons you!
Shoot: a) +1 hand crossbow
Press: ? - help, Q - select action Shift-Dir - straight line, f/p - scorpion
Aim: a scorpion (moderately wounded, 69% to hit)
You shoot a bolt. The bolt hits the scorpion.
The scorpion is heavily wounded.
You feel very sick. The scorpion barely misses you. The scorpion stings you!
Shoot: a) +1 hand crossbow
Press: ? - help, Q - select action Shift-Dir - straight line, f/p - scorpion
Aim: a scorpion (heavily wounded, 69% to hit)
You shoot a bolt. The bolt closely misses the scorpion.
* * * LOW HITPOINT WARNING * * *
You feel sick. The scorpion stings you.
* * * LOW HITPOINT WARNING * * *
Shoot: a) +1 hand crossbow
Press: ? - help, Q - select action Shift-Dir - straight line, f/p - scorpion
Aim: a scorpion (heavily wounded, 69% to hit)
You shoot a bolt. The bolt closely misses the scorpion.
* * * LOW HITPOINT WARNING * * *
You feel sick. The scorpion misses you.
Shoot: a) +1 hand crossbow
Press: ? - help, Q - select action Shift-Dir - straight line, f/p - scorpion
Aim: a scorpion (heavily wounded, 69% to hit)
You shoot a bolt. The bolt hits the scorpion!
The scorpion is almost dead.
* * * LOW HITPOINT WARNING * * *
You feel sick. The scorpion misses you. x2
Shoot: a) +1 hand crossbow
Press: ? - help, Q - select action Shift-Dir - straight line, f/p - scorpion
Aim: a scorpion (almost dead, 69% to hit)
You shoot a bolt. The bolt hits the scorpion!
You kill the scorpion!
You die...

,* **,****,,,,,**,**,,,,,*,** ,*
*,,,,,,,***,,,,**,*,*,*,** ,*
*,*,***,* *,,,,,,,,,,,,,,, ,*
*,,,* *,***,*,,**,*,*,,,,, ,*
*,*,* *,...,*,,**,,,,,*,*, ,*
*,*,* **#.#**,,****,*,,*** ,*
*,*,* ###.###.,* *,,,*,*, ,*
*,*,* #...†...,* ***,,,,, ,*
*,*,* #.#@###.** ****,* *****
*,*.###.#...?.**********,*
*≈****,,...........,,,,,,,,,,,*
***≈**,,,,....<......,,**********
**≈≈≈*,***.###.......,,* *≈≈≈≈*,*
*,**########,,*
*≈≈≈≈*,***,,,,,,*****,,*
*≈≈≈≈*,≈,,≈,≈≈,,,,≈≈*,,*
*≈≈≈≈≈≈,≈≈≈,≈≈≈,≈≈≈≈,,,*


There were no monsters in sight!

Vanquished Creatures
  A scorpion (D:3)
  3 gnolls
  3 adders
  A worm (D:2)
  A dart slug (D:2)
  An orc (D:2)
  3 ball pythons
  5 bats
  4 endoplasms
  2 goblins
  4 hobgoblins
  4 jackals (D:1)
  4 quokkas
  4 frilled lizards
  3 kobolds
  3 rats
46 creatures vanquished.

Notes
Turn   | Place    | Note
-------+----------+-------------------------------------------
     0 | D:1      | HoaS the Kobold Hunter began the quest for the Orb.
     0 | D:1      | Reached XP level 1. HP: 12/12 MP: 1/1
    54 | D:1      | Reached XP level 2. HP: 17/17 MP: 2/2
    92 | D:1      | Reached skill level 6 in Crossbows
   409 | D:1      | Reached XP level 3. HP: 21/21 MP: 3/3
   791 | D:2      | Identified the +0 scale mail "Sesel" {Harm Fly rCorr MP-9}
   936 | D:2      | Reached skill level 7 in Crossbows
   978 | D:2      | Reached XP level 4. HP: 26/26 MP: 4/4
  1190 | D:2      | Found a faded altar of an unknown god.
  1228 | D:2      | Reached XP level 5. HP: 30/30 MP: 5/5
  1479 | D:3      | Reached skill level 8 in Crossbows
  1493 | D:3      | HP: 1/30 [poisoned by a scorpion]
  1494 | D:3      | Succumbed to a scorpion's poison

Illustrated notes

Levels and vault maps discovered:
D:1:      lightli_arrival_chessboard, layout_rooms
D:2:      layout_loops_cross, dreamdust_ecumenical_altar_statues,
          grunt_ministairs_14
D:3:      layout_loops_ring, mainiacjoe_overflow_boulevard, serial_rivers,
          chequers_serial_rivers_small_a, chequers_serial_rivers_room_b,
          chequers_serial_rivers_large_a, chequers_serial_rivers_micro_a,
          chequers_serial_rivers_small_a, minmay_randomly_rotated_circles

Skill      XL: |  1  2  3  4  5 |
---------------+----------------+-----
Crossbows      | 6 7 8 |  8.0
Fighting       | |  2.1
Dodging        | |  2.4
Stealth        | |  1.3

Action                   |  1- 3 |  4- 6 || total
-------------------------+-------+-------++-------
 Fire: Hand crossbow     |    66 |    34 ||   100
  Use: Scroll            |     4 |     1 ||     5
       Potion            |       |     1 ||     1
Armor: Leather armour    |     5 |     3 ||     8
Dodge: Dodged            |    12 |    15 ||    27

Table legend: (Time is in decaauts)
 A = Elapsed time spent in this place.
 B = Non-inter-level travel time spent in this place.
 C = Inter-level travel time spent in this place.
 D = Time resting spent in this place.
 E = Time spent auto-exploring this place.
 F = Levels seen in this place.
 G = Mean time per level.
                   A        B        C        D        E       F      G
               +--------+--------+--------+--------+--------+-----+--------+
         Total |   1515 |   1465 |     50 |    156 |   1083 |   3 |  505.0 |
       Dungeon |   1515 |   1465 |     50 |    156 |   1083 |   3 |  505.0 |
               +--------+--------+--------+--------+--------+-----+--------+

Top non-repeatable levels by time:
     D:2: 969 daAuts
     D:1: 525 daAuts
     D:3: 21 daAuts
